 Dungeon Crawl Stone Soup version 0.28-a0-1213-g0243856 (webtiles) character file.

Game seed: 16744185437706279512

29 DUBB the Conjurer (level 3, 0/28 HPs)
             Began as a Draconian Conjurer on Dec 21, 2021.
             Slain by a phantom (1 damage)
             ... on level 4 of the Dungeon.
             The game lasted 00:10:54 (998 turns).

DUBB the Conjurer (Draconian Conjurer)               Turns: 998, Time: 00:10:56

Health: 0/28       AC:  5    Str:  9    XL:     3   Next: 1%
Magic:  0/6        EV: 12    Int: 20    God:
Gold:   41         SH:  0    Dex:  9    Spells: 5/6 levels left

rFire   + . .      SeeInvis .   e - staff of death
rCold   x . .      Faith    .   (no shield)
rNeg    + . .      Spirit   .   (armour unavailable)
rPois   .          Reflect  .   (helmet restricted)
rElec   .          Harm     .   (no cloak)
rCorr   .          Rampage  .   (no gloves)
Will    .....                   (no boots)
Stlth   ++........              (no amulet)
HPRegen 0.09/turn               c - ring of fire
MPRegen 0.10/turn               (no ring)

@: no status effects
A: AC +5, unfitting armour, cold-blooded
a: no special abilities


You were on level 4 of the Dungeon.
You visited 1 branch of the dungeon, and saw 3 of its levels.

You collected 121 gold pieces.
You spent 80 gold pieces at shops.

Inventory:

Hand Weapons
 a - a +0 spear of flaming
Missiles
 g - 8 poisoned darts
Magical Staves
 e - a staff of death (weapon)
Jewellery
 c - a ring of fire (left hand)
Scrolls
 d - a scroll of teleportation


   Skills:
 * Level 1.4 Fighting
 - Level 0.2 Polearms
 - Level 1.7 Dodging
 - Level 1.7 Stealth
 - Level 2.0 Spellcasting
 + Level 4.6 Conjurations


You had 5 spell levels left.
You knew the following spells:

 Your Spells              Type           Power      Damage    Failure   Level
a - Magic Dart            Conj           80%        1d7       2%          1

Your spell library contained the following spells:

 Spells                   Type           Power      Damage    Failure   Level
 Searing Ray              Conj           40%        2d5       3%          2
 Sting                    Tmut/Pois      8%         1d3       16%         1
 Dazzling Flash           Conj/Hex       22%        N/A       19%         3
 Poisonous Vapours        Pois/Air       4%         N/A       24%         2
 Fulminant Prism          Conj/Hex       5%         3d7       52%         4
 Iskenderun's Mystic Bla  Conj/Tloc      11%        2d4       52%         4
 Olgreb's Toxic Radiance  Pois           2%         N/A       83%         4


Dungeon Overview and Level Annotations

Branches:
Dungeon (2/15)

Altars:

Shops:
D:4 !


Innate Abilities, Weirdness & Mutations

Your plain brown scales are hard. (AC +5)
You cannot fit into any form of body armour.
You are cold-blooded and may be slowed by cold attacks.


Message History

You barely miss the phantom.
The phantom is severely damaged.
The phantom misses you. The phantom closely misses you.
You hit the phantom but do no damage.
The phantom is severely damaged.
The phantom misses you.
You closely miss the phantom.
Your tail-slap misses the phantom.
The phantom is severely damaged.
You hear the slow rusting of a very distant drain.
The phantom hits you but does no damage.
You barely miss the phantom.
The phantom is severely damaged.
The phantom hits you.
The phantom blinks!
You blink.
You barely miss the phantom.
The phantom is severely damaged.
The phantom hits you.
* * * LOW HITPOINT WARNING * * *
You closely miss the phantom.
The phantom is severely damaged.
The phantom hits you.
* * * LOW HITPOINT WARNING * * *
The phantom blinks!
You blink.
The phantom hits you.
* * * LOW HITPOINT WARNING * * *
Casting: Magic Dart (safe; 2% risk of failure)
Confirm with . or Enter, or press ? or * to list all spells.
Aiming: Magic Dart (safe; 2% risk of failure)
Press: ? - help, Shift-Dir - straight line, f/p - phantom
Aim: a phantom (severely damaged, 100% to hit)
The magic dart hits the phantom but does no damage.
The phantom is severely damaged.
The phantom hits you but does no damage.
Casting: Magic Dart (safe; 2% risk of failure)
Confirm with . or Enter, or press ? or * to list all spells.
Aiming: Magic Dart (safe; 2% risk of failure)
Press: ? - help, Shift-Dir - straight line, f/p - phantom
Aim: a phantom (severely damaged, 100% to hit)
The magic dart hits the phantom.
The phantom is severely damaged.
The phantom hits you.
You die...

##### #.#
#####...###.#####
#
.................
. #####.......#
#. #.......# #.
#######.# ##.#
#####.####..#
#...........#
#.###....W@#.
#..###.# #..# #.#
#..###.##
#..##...#
#..##.#.###
#.....#ยงยง)###
#..#.####...#
#.....#...#.#


You could see a phantom.

Vanquished Creatures
  2 dart slugs (D:1)
  4 ball pythons
  2 bats
  An endoplasm (D:2)
  4 hobgoblins
  3 frilled lizards
  3 goblins
  3 kobolds (D:2)
  A rat (D:2)
23 creatures vanquished.

Notes
Turn   | Place    | Note
-------+----------+-------------------------------------------
     0 | D:1      | DUBB the Draconian Conjurer began the quest for the Orb.
     0 | D:1      | Reached XP level 1. HP: 14/14 MP: 3/3
   233 | D:1      | Reached XP level 2. HP: 20/22 MP: 5/5
   347 | D:1      | Reached skill level 1 in Fighting
   613 | D:2      | Found a faded altar of an unknown god.
   849 | D:2      | Reached XP level 3. HP: 28/28 MP: 6/6
   895 | D:2      | You fall into a shaft and drop 2 floors!
   916 | D:4      | Found Cutwaram's Distillery.
   924 | D:4      | Bought a potion of curing for 30 gold pieces
   924 | D:4      | Bought a potion of heal wounds for 50 gold pieces
   951 | D:4      | Noticed a phantom
   996 | D:4      | HP: 1/28 [phantom (4)]
   998 | D:4      | Slain by a phantom

Illustrated notes

Levels and vault maps discovered:
D:1:      wander_arrival_desolate, layout_loops_cross,
          nicolae_concentric_dashed_squares_mild, chequers_jeans,
          serial_park_tiny_1, amcnicky_mini_pool_small
D:2:      layout_basic, dreamdust_ecumenical_altar_statues
D:4:      layout_loops_ring, serial_shops, shop, gup_sewer_entry_bowl,
          uniq_edmund, uniq_pikel

Skill      XL: |  1  2 |
---------------+-------+-----
Fighting       | 1 |  1.4
Polearms       | |  0.2
Dodging        | |  1.7
Stealth        | |  1.7
Spellcasting   | |  2.0
Conjurations   | |  4.6

Action                   || total
-------------------------++-------
Melee: Unarmed           ||    19
       Spear             ||    55
       Tailslap          ||     6
       Staff             ||    10
 Cast: Magic Dart        ||    22
  Use: Scroll            ||     3
       Potion            ||     4
 Stab: Sleeping          ||     1
Armor: Skin              ||    28
Dodge: Dodged            ||    44

Table legend: (Time is in decaauts)
 A = Elapsed time spent in this place.
 B = Non-inter-level travel time spent in this place.
 C = Inter-level travel time spent in this place.
 D = Time resting spent in this place.
 E = Time spent auto-exploring this place.
 F = Levels seen in this place.
 G = Mean time per level.
                   A        B        C        D        E       F      G
               +--------+--------+--------+--------+--------+-----+--------+
         Total |   1007 |   1007 |      0 |      0 |      0 |   3 |  335.7 |
       Dungeon |   1007 |   1007 |      0 |      0 |      0 |   3 |  335.7 |
               +--------+--------+--------+--------+--------+-----+--------+

Top non-repeatable levels by time:
     D:1: 573 daAuts
     D:2: 328 daAuts
     D:4: 105 daAuts
